 Dungeon Crawl Stone Soup version 0.16-a0-4097-gb4d75fa (webtiles) character file.

38 Ololoev the Shield-Bearer (level 3, -6/29 HPs)
             Began as a Formicid Fighter on Feb 25, 2015.
             Killed from afar by Sigmund (9 damage)
             ... with a puff of flame
             ... on level 2 of the Dungeon.
             The game lasted 00:03:11 (943 turns).

Ololoev the Shield-Bearer (Formicid Fighter)         Turns: 943, Time: 00:03:12

Health: -6/29      AC:  9    Str: 26    XL:     3   Next: 65%
Magic:  4/4        EV:  8    Int: 12    God:
Gold:   53         SH: 10    Dex: 10    Spells: 0 memorised, 2 levels left

rFire  . . .     SeeInvis +     a - +0 war axe
rCold  . . .     Clarity  .     b - +0 scale mail
rNeg   . . .     SustAb   .     c - +0 shield
rPois  .         Gourm    .     (helmet unavailable)
rElec  .         Spirit   .     (no cloak)
rCorr  .         Warding  .     (no gloves)
rMut   .         Stasis   +     q - +1 pair of boots
MR     .....                    (no amulet)
Stlth  ..........               (no ring)
                                (no ring)

@: mighty, brilliant, lethally poisoned (-6 -> -14), not resistant to hostile
enchantments, extremely unstealthy
A: permanent stasis, dig shafts and tunnels, four strong arms, antennae 3
a: Dig, Shaft Self


You were on level 2 of the Dungeon.
You were not hungry.

You visited 1 branch of the dungeon, and saw 2 of its levels.

You collected 53 gold pieces.

Notes
Turn   | Place    | Note
--------------------------------------------------------------
     0 | D:1      | Ololoev, the Formicid Fighter, began the quest for the Orb.
     0 | D:1      | Reached XP level 1. HP: 18/18 MP: 1/1
   287 | D:1      | Reached XP level 2. HP: 24/24 MP: 3/3
   317 | D:1      | Reached skill level 4 in Shields
   674 | D:2      | Reached XP level 3. HP: 26/29 MP: 4/4
   928 | D:2      | Noticed Sigmund
   943 | D:2      | Killed from afar by Sigmund

Inventory:

Hand weapons
 a - a +0 war axe (weapon)
Armour
 b - a +0 scale mail (worn)
 c - a +0 shield (worn)
 q - a +1 pair of boots (worn)
Scrolls
 h - a scroll of random uselessness {unknown}
 o - a scroll of fear {unknown}
 p - a scroll of identify {unknown}
 r - a scroll of immolation {unknown}
Potions
 f - a potion of heal wounds {unknown}
 i - a potion of brilliance
 k - a potion of restore abilities {unknown}
 l - a potion of haste {unknown}
 m - a potion of mutation {unknown}
 n - a potion of magic {unknown}
Comestibles
 d - 2 bread rations
 g - a beef jerky
 j - a meat ration

Table legend:
 A = Turns spent in this place as a percentage of turns spent in the entire game.
 B = Non-inter-level travel turns spent in this place as a percentage of non-inter-level travel turns spent in the entire game.
 C = Inter-level travel turns spent in this place as a percentage of turns spent in this place.
 D = Turns resting spent in this place as a percentage of non-inter-level travel turns spent in this place.
 E = Turns spent auto-exploring this place as a percentage of non-inter-level travel turns spent in this place.
 F = Non-inter-level travel turns spent in this place divided by the number of levels of this place that you've seen.
                   A       B       C       D       E      F
               +-------+-------+-------+-------+-------+----------------------
         Total | 100.0 | 100.0 |   0.2 |   0.0 |  13.2 | 250.0
       Dungeon | 100.0 | 100.0 |   0.2 |   0.0 |  13.2 | 250.0
               +-------+-------+-------+-------+-------+----------------------


   Skills:
 - Level 3.2 Fighting
 * Level 2.7 Axes
 - Level 3.2 Armour
 + Level 0.6 Dodging
 + Level 0.3 Stealth
 + Level 4.4 Shields


You had 2 spell levels left.
You didn't know any spells.

Dungeon Overview and Level Annotations

Branches:
Dungeon (2/15)

Altars:

Annotations:
D:2 Sigmund


Innate Abilities, Weirdness & Mutations

You are under a permanent stasis effect.
You can dig through walls and to a lower floor.
Your four strong arms can wield two-handed weapons with a shield.
You have a pair of large antennae on your head (SInv).


Message History

You are too injured to fight recklessly!
You are too injured to fight recklessly!
You are too injured to fight recklessly!
You are too injured to fight recklessly!
You are too injured to fight recklessly!
You closely miss Sigmund.
You feel sick.
Sigmund points at you and mumbles some strange words.
You resist with some effort. Sigmund barely misses you.
Your shield prevents you from hitting Sigmund.
You feel sick. You block Sigmund's attack.
You hit Sigmund.
Sigmund is lightly wounded.
Sigmund barely misses you.
You hit Sigmund.
Sigmund is moderately wounded.
You feel sick. You block Sigmund's attack.
You hit Sigmund.
Sigmund is heavily wounded.
You feel sick.
Sigmund points at you and mumbles some strange words.
The magic dart hits you!
You slash Sigmund!
Sigmund is severely wounded.
Sigmund hits you with a scythe of venom.
You are lethally poisoned!
You barely miss Sigmund.
Sigmund is severely wounded.
You feel sick. You block Sigmund's attack.
You barely miss Sigmund.
Sigmund is severely wounded.
You feel sick. Sigmund barely misses you.
Drink which item? (? for menu, Esc to quit)
You feel very mighty all of a sudden.
You feel sick.
Drink which item? (? for menu, Esc to quit)
It was a potion of brilliance.
You feel clever all of a sudden. Sigmund casts a spell at you.
The puff of flame hits you!
You die...

###########.#
#.# #.# #+#
#.# ## #.#
##?##.#
##...#†##
#.......+
##...#†##
##.##@# ##
#@# ... .....
......#
.#......
#.##....##
#..... .##


You could see Sigmund (invisible).

Table legend:
 A = Kills in this place as a percentage of kills in entire the game.
 B = Kills by you in this place as a percentage of kills by you in the entire game.
 C = Kills by friends in this place as a percentage of kills by friends in the entire game.
 D = Other kills in this place as a percentage of other kills in the entire game.
 E = Experience gained in this place as a percentage of experience gained in the entire game.
 F = Experience gained in this place divided by the number of levels of this place that you have seen.
                   A       B       C       D       E      F
               +-------+-------+-------+-------+-------+----------------------
         Total | 100.0 | 100.0 |  -nan |  -nan | 100.0 |  27.5
       Dungeon | 100.0 | 100.0 |  -nan |  -nan | 100.0 |  27.5
               +-------+-------+-------+-------+-------+----------------------

Vanquished Creatures
  An adder (D:2)
  An ooze (D:2)
  4 goblins
  3 hobgoblins
  4 kobolds
  10 bats
  2 giant newts
  A quokka (D:2)
  4 rats
30 creatures vanquished.

Action                   || total
-------------------------++-------
Melee: War axe           ||   108
  Use: Potion            ||     2

Vault maps used:
D:1:      ncdulo_lavacross, minivault_14, kennysheep_crisscross
D:2:      first_bread, uniq_sigmund
